 Dungeon Crawl Stone Soup version 0.27.0-1-g7a089689b8 (webtiles) character file.

Game seed: 7921113918634915966

97 SnakkuSnakku7 the Slasher (level 4, -3/25 HPs)
             Began as a Deep Elf Gladiator on Aug 3, 2021.
             Killed by nerve-wracking pain
             ... invoked by Menkaure
              (11 damage)
             ... on level 5 of the Dungeon.
             The game lasted 00:03:00 (3077 turns).

SnakkuSnakku7 the Slasher (Deep Elf Gladiator)      Turns: 3077, Time: 00:03:00

Health: -3/25      AC:  6    Str: 12    XL:     4   Next: 42%
Magic:  6/6        EV: 13    Int: 13    God:
Gold:   74         SH:  5    Dex: 16    Spells: 3/3 levels left

rFire    . . .     SeeInvis .   a - +0 long sword
rCold    . . .     Faith    .   (no shield)
rNeg     . . .     Spirit   .   b - +0 leather armour
rPois    .         Reflect  +   c - +0 helmet
rElec    .         Harm     .   q - +0 cloak
rCorr    .         Rampage  .   (no gloves)
Will     .....                  s - +0 pair of boots
Stlth    +.........             n - amulet of reflection
HPRegen  0.08/turn              (no ring)
MPRegen  0.10/turn              (no ring)

@: no status effects
A: no striking features
a: no special abilities


You were on level 5 of the Dungeon.
You visited 1 branch of the dungeon, and saw 4 of its levels.

You collected 74 gold pieces.

Inventory:

Hand Weapons
 a - a +0 long sword (weapon)
Missiles
 d - 2 throwing nets (quivered)
 g - 2 boomerangs
 j - 2 curare-tipped darts
Armour
 b - a +0 leather armour (worn)
 c - a +0 helmet (worn)
 q - a +0 cloak (worn)
 s - a +0 pair of boots (worn)
Jewellery
 n - an amulet of reflection (around neck)
Wands
 o - a wand of paralysis (7)
Scrolls
 r - a scroll of brand weapon
Potions
 i - a potion of cancellation {unknown}
 k - a potion of flight {unknown}
 l - a potion of mutation {unknown}
 m - a potion of invisibility {unknown}


   Skills:
 - Level 1.5 Fighting
 + Level 4.8 Long Blades
 - Level 2.0 Throwing
 - Level 3.6 Dodging


You had 3 spell levels left.
You didn't know any spells.
Your spell library contained the following spells:

 Spells                   Type           Power      Damage    Failure   Level
 Static Discharge         Conj/Air       0%         N/A       52%         2
 Dispel Undead            Necr           0%         3d6       98%         4
 Sticky Flame             Conj/Fire      0%         2d3       98%         4


Dungeon Overview and Level Annotations

Branches:
Dungeon (3/15)

Altars:

Shops:
D:2 (

Annotations:
D:5 Menkaure


Message History

An orc priest comes into view. It is wielding a +0 war axe.
An orc wizard comes into view. It is wielding a +0 dagger.
It was a potion of heal wounds.
You feel much better.
The orc shouts!
The orc wizard shouts!
The orc priest shouts!
You hear a shout!
Something hits you but does no damage.
Unknown command.
You barely miss something. Something hits you but does no damage.
The orc priest miscasts a cantrip.
Menkaure is no longer paralysed.
The orc wizard points at you and mumbles some strange words.
Menkaure calls on the powers of darkness!
Something is bathed in an unholy light!
The orc priest convulses!
The orc convulses!
Your body is wracked with pain!
The scorpion convulses!
The orc priest convulses!
The orc wizard convulses!
The orc priest looks satisfied for a moment.
The orc priest mumbles some strange prayers to Beogh against you.
Something writhes in agony.
The orc priest invokes the aid of Beogh against you.
Beogh smites you!
* * * LOW HITPOINT WARNING * * *
You hear a shout! x2
It was a potion of curing.
You feel better.
As you read the scroll labelled ZERHAGGIMI, it crumbles to dust.
The scroll dissolves into smoke.
It was a scroll of fog.
As you read the scroll labelled AVEJUU CUAPN, it crumbles to dust.
It is a scroll of identify.
r - a scroll of brand weapon
Okay, then.
Okay, then.
Okay, then.
Aiming: Paralyse
Press: ? - help, Shift-Dir - straight line, f/p - Menkaure
Aim: Menkaure (grey smoke, severely damaged, chance to affect: 46%) Menkaure resists with some effort.
Unknown command.
You barely miss Menkaure.
Menkaure is severely damaged.
Menkaure casts a spell at you. Pain shoots through your body!
You die...

..#...######
....o.....=
.......o..###
...<..o.....###≈≈
#....s.o....#...≈≈#
#.....M..).......≈#
##.....§.........≈#
##.###o.....#...≈#
###@M§....##..#≈#
#§§§§.........≈#
##§§§.......≈≈≈#
#..........≈#
##.........≈##
#..........≈≈##
##.......#..≈≈##
####...###..≈≈#
##### #...≈#


You could see Menkaure and an orc wizard.

Vanquished Creatures
  Crazy Yiuf (D:2)
  A gnoll (D:1)
  2 adders (D:2)
  A worm (D:2)
  A dart slug (D:2)
  An orc (D:5)
  4 ball pythons
  4 endoplasms
  2 giant cockroaches (D:1)
  3 goblins (D:2)
  2 hobgoblins
  4 jackals
  2 kobolds
  3 bats (D:2)
  A frilled lizard (D:2)
  3 rats
35 creatures vanquished.

Vanquished Creatures (others)
  2 plants (D:5)
  3 withered plants (D:5)
5 creatures vanquished.

Grand Total: 40 creatures vanquished

Notes
Turn   | Place    | Note
-------+----------+-------------------------------------------
     0 | D:1      | SnakkuSnakku7 the Deep Elf Gladiator began the quest for
                  | the Orb.
     0 | D:1      | Reached XP level 1. HP: 12/12 MP: 3/3
   173 | D:1      | Reached skill level 3 in Long Blades
   195 | D:1      | Reached XP level 2. HP: 16/16 MP: 4/4
   297 | D:1      | Found a faded altar of an unknown god.
   697 | D:2      | Reached XP level 3. HP: 13/20 MP: 5/5
   954 | D:2      | Reached skill level 4 in Long Blades
  1812 | D:2      | Found Neokh's Antique Weapon Emporium.
  2065 | D:2      | Found a runed translucent door.
  2066 | D:2      | Noticed Crazy Yiuf
  2822 | D:2      | Killed Crazy Yiuf
  2823 | D:2      | Reached XP level 4. HP: 25/25 MP: 6/6
  2911 | D:3      | You fall into a shaft and drop 2 floors!
  2911 | D:5      | Entered Level 5 of the Dungeon
  3055 | D:5      | Noticed Menkaure
  3064 | D:5      | Noticed a scorpion
  3077 | D:5      | Killed from afar by Menkaure

Illustrated notes

Levels and vault maps discovered:
D:1:      lightli_arrival_statue_moat, layout_loops_ring,
          ebering_ecumenical_altar_abandoned
D:2:      layout_loops_corners, serial_shops, nicolae_shop_trees,
          kennysheep_generic_room_4, uniq_crazy_yiuf_cottage
D:3:      cheibrodos_old_hovel, layout_loops_corners,
          hellmonk_ghost_happy_afterlife
D:5:      layout_cave_pools, grunt_temple_overflow_growth_and_decay,
          minmay_manual_mullet, uniq_sigmund, uniq_menkaure

Skill      XL: |  1  2  3 |
---------------+----------+-----
Long Blades    | 3 4 |  4.8
Fighting       | |  1.5
Throwing       | |  2.0
Dodging        | |  3.6

Action                   |  1- 3 |  4- 6 || total
-------------------------+-------+-------++-------
Melee: Long sword        |    75 |    14 ||    89
Throw: Throwing net      |     1 |       ||     1
       Boomerang         |     5 |       ||     5
       Dart              |     1 |       ||     1
Evoke: Wand              |     1 |     3 ||     4
  Use: Scroll            |       |     2 ||     2
       Potion            |       |     2 ||     2
 Stab: Held in net/web   |     3 |       ||     3
       Paralysed         |     8 |     4 ||    12
       Sleeping          |     2 |       ||     2
Armor: Leather armour    |    19 |     2 ||    21
Dodge: Dodged            |    57 |     3 ||    60
Block: Other             |     2 |     1 ||     3
       Rpst.: Long sword |    16 |     1 ||    17
